 Dungeon Sprint DCSS version 0.22-a0-358-g7563fe7 (webtiles) character file.

402 KristoblXynda the Carver (level 6, -6/48 HPs)
             Began as a Draconian Gladiator on Apr 18, 2018.
             Mangled by a human
             ... wielding a +0 whip
              (11 damage)
             ... in the Dungeon (Sprint III: "The Ten Rune Challenge").
             The game lasted 00:02:47 (519 turns).

KristoblXynda the Carver (Draconian Gladiator)       Turns: 519, Time: 00:02:48

Health: -6/48      AC:  6    Str: 18    XL:     6   Next: 55%
Magic:  6/6        EV: 17    Int:  8    God:
Gold:   23         SH:  0    Dex: 13    Spells: 5/5 levels left

rFire    . . .     SeeInvis .   a - +0 long sword
rCold    . . .     Gourm    .   (no shield)
rNeg     . . .     Faith    .   (armour unavailable)
rPois    .         Spirit   .   b - +0 hat
rElec    .         Reflect  .   (no cloak)
rCorr    .         Harm     .   (no gloves)
MR       .....     NoTele   +   (no boots)
Stlth    +.........             (no amulet)
HPRegen  0.16/turn              (no ring)
MPRegen  0.10/turn              (no ring)

@: no status effects
A: unfitting armour, sense surroundings 2, cold-blooded, MP-powered wands, AC +6
a: no special abilities


You were in the Dungeon.
You were not hungry.

You visited 1 branch You collected 23 gold pieces.

Inventory:

Hand Weapons
 a - a +0 long sword (weapon)
Armour
 b - a +0 hat (worn)
 k - a +0 shield
Wands
 e - a wand of polymorph (16)
Scrolls
 j - a scroll of blinking
 l - 2 scrolls of immolation
 n - a scroll of remove curse
Potions
 g - 2 potions of haste
 h - 2 potions of magic
 o - a potion of agility {unknown}
 p - a potion of flight
Comestibles
 d - 3 rations
 i - a chunk of flesh


   Skills:
 - Level 2.1 Fighting
 * Level 11.6 Long Blades
 - Level 2.4 Throwing
 + Level 8.1 Dodging


You had 5 spell levels left.
You didn't know any spells.

Dungeon Overview and Level Annotations

Branches:
Dungeon (1/1)

Altars:
Dithmenos
Elyvilon
Okawaru
Ru
Trog
Uskayaw
Wu Jian
Yredelemnul
Zin
The Shining One
Beogh


Innate Abilities, Weirdness & Mutations

Your plain brown scales are hard. (AC +6)
You cannot fit into any form of body armour.
You are cold-blooded and may be slowed by cold attacks.
You passively map the area around you.
You expend magic power (3 MP) to strengthen your wands.


Message History

You tail-slap the human, but do no damage.
The human is moderately wounded.
The human struggles against the net.
The net rips apart, and the human comes free!
The human closely misses you.
You slash the human!
The human is heavily wounded.
The human hits you with a whip!
* * * LOW HITPOINT WARNING * * *
You hit the human.
Your tail-slap misses the human.
The human is heavily wounded.
The human completely misses you.
You hit the human.
The human is heavily wounded.
The human hits you with a whip!
* * * LOW HITPOINT WARNING * * *
You slash the human!
The human is severely wounded.
The human completely misses you. The human hits you with a whip!
You die...

▓▓▓▓▓▓▓▓▓ ▓▓▓ ▓<..#...####
##.############*
▓...#......#####..#___#___#__#*
▓..##.......#..#..#e..#__.#._#
▓##.##.##...#..#..###+#'###)##,
##.##.###..##@#..#..........#
▓#.####)##..###p..'.⌠........#,
▓.###..##..####...#...######+#
▓#.....##..###...(#.⌠.# , *+
###..##...##.....#...#__ *
#..##....#......#+### _ *
#..###..##÷#.....# ,,, , #).#
#..#####....# *__ ▓▓▓▓ ▓▓▓▓
**▓▓▓▓▓▓ **


You could see a human (berserk).

Vanquished Creatures
  A necrophage (D)
  A water elemental (D)
  A scorpion (D)
  Jessica (D)
  A necromancer (D)
  2 humans (D)
  An ooze (D)
  2 rats (D)
10 creatures vanquished.

Vanquished Creatures (others)
  2 draconian scorchers (D)
  6 hellions (D)
  A yaktaur (D)
9 creatures vanquished.

Grand Total: 19 creatures vanquished

Notes
Turn   | Place    | Note
-------+----------+-------------------------------------------
     0 | D        | KristoblXynda the Draconian Gladiator began the quest for the Orb.
     0 | D        | Reached XP level 1. HP: 17/17 MP: 1/1
    26 | D        | Noticed Jessica
    36 | D        | Killed Jessica
    36 | D        | Reached skill level 5 in Long Blades
    36 | D        | Reached XP level 2. HP: 24/24 MP: 2/2
    36 | D        | Reached XP level 3. HP: 29/29 MP: 3/3
    84 | D        | Reached skill level 6 in Long Blades
    90 | D        | Killed a hellion
    91 | D        | Killed a hellion
   117 | D        | Killed a hellion
   145 | D        | Killed a hellion
   157 | D        | Killed a yaktaur
   176 | D        | Noticed a scorpion
   178 | D        | Killed a white draconian scorcher
   192 | D        | Killed a scorpion
   192 | D        | Reached skill level 7 in Long Blades
   192 | D        | Reached skill level 5 in Dodging
   192 | D        | Reached XP level 4. HP: 21/36 MP: 4/4
   192 | D        | Killed a white draconian scorcher
   215 | D        | Killed a hellion
   325 | D        | Killed a hellion
   330 | D        | Gained mutation: Your body sometimes deteriorates upon taking damage. [potion of mutation]
   330 | D        | Gained mutation: You expend magic power (3 MP) to strengthen your wands. [potion of mutation]
   331 | D        | Lost mutation: Your body sometimes deteriorates upon taking damage. [potion of mutation]
   331 | D        | Lost mutation: You expend magic power (3 MP) to strengthen your wands. [potion of mutation]
   331 | D        | Gained mutation: You are somewhat resistant to further mutation. [potion of mutation]
   331 | D        | Gained mutation: Your spells are a little easier to cast, but a little less powerful. [potion of mutation]
   331 | D        | Gained mutation: You are robust. (+10% HP) [potion of mutation]
   332 | D        | Lost mutation: You are robust. (+10% HP) [potion of mutation]
   332 | D        | Lost mutation: Your spells are a little easier to cast, but a little less powerful. [potion of mutation]
   332 | D        | Lost mutation: You are somewhat resistant to further mutation. [potion of mutation]
   332 | D        | Gained mutation: You passively map a small area around you. [potion of mutation]
   332 | D        | Gained mutation: You passively map the area around you. [potion of mutation]
   332 | D        | Gained mutation: You expend magic power (3 MP) to strengthen your wands. [potion of mutation]
   338 | D        | Noticed a water elemental
   344 | D        | Killed a water elemental
   344 | D        | Reached skill level 8 in Long Blades
   344 | D        | Reached XP level 5. HP: 41/41 MP: 5/5
   436 | D        | Found a basalt altar of Yredelemnul.
   436 | D        | Found a shadowy altar of Dithmenos.
   436 | D        | Found a sacrificial altar of Ru.
   436 | D        | Noticed a necrophage
   440 | D        | Killed a necrophage
   440 | D        | Reached skill level 10 in Long Blades
   469 | D        | Found a hide-covered altar of Uskayaw.
   469 | D        | Found an iron altar of Okawaru.
   473 | D        | Found a glowing silver altar of Zin.
   473 | D        | Found a glowing golden altar of the Shining One.
   473 | D        | Found a white marble altar of Elyvilon.
   473 | D        | Noticed a deep elf mage
   485 | D        | Found a roughly hewn altar of Beogh.
   485 | D        | Found a bloodstained altar of Trog.
   485 | D        | Found an ornate altar of the Wu Jian Council.
   485 | D        | Noticed a human
   485 | D        | Noticed a human
   506 | D        | Killed a human
   506 | D        | Reached skill level 11 in Long Blades
   506 | D        | Reached XP level 6. HP: 29/47 MP: 6/6
   519 | D        | Mangled by a human

Vault maps used:
D:        dungeon_sprint_mu

Skill      XL: |  1  2  3  4  5 |
---------------+----------------+-----
Throwing       | 2 |  2.4
Dodging        | 4 5 6 8 |  8.1
Long Blades    | 5 7 8 11 | 11.6
Fighting       | |  2.1

Action                   |  1- 3 |  4- 6 || total
-------------------------+-------+-------++-------
Melee: Long sword        |    32 |    37 ||    69
       Tailslap          |     4 |     9 ||    13
Throw: Throwing net      |     1 |     2 ||     3
  Use: Potion            |     1 |     5 ||     6
       Scroll            |       |     4 ||     4
 Stab: Held in net/web   |       |     1 ||     1
Armor: Skin              |     4 |     1 ||     5
Dodge: Dodged            |    16 |    16 ||    32
       Rpst.: Long sword |     5 |     6 ||    11

Table legend:
 A = Spawn XP
 B = Non-spawn XP
 C = Spawn XP percentage of total XP
 D = Spawn monster count
 E = Non-spawn monster count
 F = Spawn count percentage of total count
 G = Total turns spent on level
                    A         B        C        D         E        F      G
               +---------+---------+-------+---------+---------+-------+---------
         Total |       0 |     575 |   0.0 |       0 |      10 |   0.0 |   519
               +---------+---------+-------+---------+---------+-------+---------
             D |       0 |     575 |   0.0 |       0 |      10 |   0.0 |   519
               +---------+---------+-------+---------+---------+-------+---------
